 Dungeon Crawl Stone Soup version 0.29.0-11-gd7f09526c8 (webtiles) character file.

Game seed: 12799031913217366789

386 fingers the Sneak (level 6, -3/29 HPs)
             Began as a Spriggan Enchanter on Sept 2, 2022.
             Killed by nerve-wracking pain
             ... invoked by Menkaure
              (9 damage)
             ... on level 4 of the Dungeon.
             The game lasted 00:16:16 (7400 turns).

fingers the Sneak (Spriggan Enchanter)              Turns: 7400, Time: 00:16:18

Health: -3/29      AC:  2    Str:  4    XL:     6   Next: 48%
Magic:  6/13       EV: 19    Int: 17    God:
Gold:   167        SH:  0    Dex: 17    Spells: 8/13 levels left

rFire   . . .      SeeInvis +   a - +1 dagger
rCold   . . .      Faith    .   (no shield)
rNeg    . . .      Spirit   .   b - +0 robe
rPois   +          Reflect  .   (helmet restricted)
rElec   .          Harm     .   (no cloak)
rCorr   .          Rampage  .   (gloves unavailable)
Will    +....                   (boots unavailable)
Stlth   +++.......              (no amulet)
HPRegen 0.09/turn               l - ring of poison resistance
MPRegen 0.13/turn               (no ring)

@: invisible, very quick
A: very small, no large weapons, unfitting armour, see invisible, speed 3
a: no special abilities


You were on level 4 of the Dungeon.
You visited 1 branch of the dungeon, and saw 4 of its levels.

You collected 167 gold pieces.

Inventory:

Hand Weapons
 a - a +1 dagger (weapon)
 q - a +2 antimagic hammer
Missiles
 p - 2 throwing nets
Armour
 b - a +0 robe (worn)
 t - a +0 pair of boots
Jewellery
 l - a ring of poison resistance (left hand)
Scrolls
 g - a scroll of butterflies {unknown}
 h - a scroll of blinking {unknown}
 i - a scroll of fear {unknown}
 k - 2 scrolls of vulnerability {unknown}
 m - a scroll of teleportation {unknown}
 n - a scroll of magic mapping {unknown}
 o - a scroll of noise {unknown}
 r - a scroll of immolation {unknown}
 s - a scroll of enchant armour {unknown}
Potions
 c - a potion of invisibility
 d - 3 potions of flight {unknown}
 e - 2 potions of brilliance {unknown}
 f - 4 potions of mutation {unknown}
 j - 3 potions of curing {unknown}


   Skills:
 + Level 0.5 Fighting
 * Level 3.0 Short Blades
 * Level 4.7 Dodging
 + Level 5.6 Stealth
 + Level 4.3 Spellcasting
 * Level 5.4 Hexes
 + Level 0.8 Ice Magic


You had 8 spell levels left.
You knew the following spells:

 Your Spells              Type           Power      Damage    Failure   Level
a - Ensorcelled Hibernat  Hex/Ice        28%        N/A       6%          2
b - Tukima's Dance        Hex            22%        N/A       4%          3

Your spell library contained the following spells:

 Spells                   Type           Power      Damage    Failure   Level
 Confusing Touch          Hex            22%        N/A       4%          3
 Summon Small Mammal      Summ           12%        N/A       16%         1
 Dazzling Flash           Conj/Hex       24%        N/A       16%         3
 Summon Guardian Golem    Hex/Summ       12%        N/A       16%         3
 Static Discharge         Conj/Air       3%         3-4/arc   22%         2
 Call Canine Familiar     Summ           3%         N/A       41%         3
 Lightning Bolt           Conj/Air       1%         1d12      99%         5
 Maxwell's Capacitive Co  Air            1%         ∞         100%        8


Dungeon Overview and Level Annotations

Branches:
Dungeon (4/15)
 Temple: D:4-7

Altars:

Annotations:
D:4 Menkaure


Innate Abilities, Weirdness & Mutations

You are very small and have problems with some larger weapons.
You are too small for most types of armour.
You have supernaturally acute eyesight. (SInv)
You cover ground extremely quickly. (Speed+++)


Message History

The endoplasm freezes you.
You are frozen.
You barely miss the endoplasm.
The endoplasm is lightly wounded.
The endoplasm freezes you.
You are frozen.
You hit the endoplasm.
The endoplasm is almost dead.
The endoplasm freezes you.
You are frozen.
* * * LOW HITPOINT WARNING * * *
Menkaure calls on the powers of darkness!
Your body is wracked with pain!
* * * LOW HITPOINT WARNING * * *
You fade into invisibility!
Menkaure blazes with dark energy!
You hit the endoplasm.
You kill the endoplasm!
You are too injured to fight recklessly!
Menkaure is nearby!
Casting: Tukima's Dance (quite dangerous; 4% risk of failure)
Confirm with . or Enter, or press ? or * to list all spells.
The spell is quite dangerous to miscast (4% risk of failure)!
Continue anyway?
Aiming: Tukima's Dance (quite dangerous; 4% risk of failure)
Press: ? - help, Shift-Dir - straight line, f - Menkaure
Aim: Menkaure (not susceptible) Menkaure resists with significant effort.
Menkaure's bandages flutter.
You are too injured to fight recklessly!
Menkaure is nearby!
Casting: Tukima's Dance (quite dangerous; 4% risk of failure)
Confirm with . or Enter, or press ? or * to list all spells.
The spell is quite dangerous to miscast (4% risk of failure)!
Continue anyway?
Aiming: Tukima's Dance (quite dangerous; 4% risk of failure)
Press: ? - help, Shift-Dir - straight line, f/p - Menkaure
Aim: Menkaure (not susceptible) Menkaure resists with significant effort.
Menkaure points at you and mumbles some strange words.
Pain shoots through your body!
You die...

.......# #.)..# #### #........#
....######)...####..###.#.######
....###...............#.#.#
....##........[...........## #
)................##........### #.
)###.#...........##.#........##..
[##..............#..#)......(....
.###.##.............####.........
.# #.#####......@....M...M.......
.# ..# #..######................
.##.####..#. ....................
........>. .####................#
....###.## #..................#
..#####... #.##...##..........#
........# #..#..####..#.......#
........# .. #.## #...........#
........### .. #..#..#....#.#


You could see Menkaure.

Vanquished Creatures
  Sigmund (D:3)
  A hound (D:4)
  A river rat (D:3)
  7 adders
  3 worms (D:3)
  4 dart slugs
  6 orcs
  12 endoplasms
  5 giant cockroaches
  9 goblins
  3 hobgoblins
  3 kobolds
  4 quokkas
  10 ball pythons
  2 bats (D:2)
  3 frilled lizards
  10 rats
84 creatures vanquished.

Vanquished Creatures (collateral kills)
  3 orcs
3 creatures vanquished.

Vanquished Creatures (others)
  3 dancing weapons (D:3)
3 creatures vanquished.

Grand Total: 90 creatures vanquished

Notes
Turn   | Place    | Note
-------+----------+-------------------------------------------
     0 | D:1      | fingers the Spriggan Enchanter began the quest for the Orb.
     0 | D:1      | Reached XP level 1. HP: 9/9 MP: 5/5
   269 | D:1      | Reached XP level 2. HP: 9/13 MP: 6/6
  1218 | D:1      | Learned a level 2 spell: Ensorcelled Hibernation
  1640 | D:1      | Reached skill level 5 in Stealth
  1894 | D:2      | Reached XP level 3. HP: 12/16 MP: 1/8
  3083 | D:2      | Learned a level 3 spell: Tukima's Dance
  3809 | D:2      | Reached XP level 4. HP: 21/21 MP: 6/9
  4583 | D:3      | Noticed Sigmund
  6063 | D:3      | HP: 1/21 [Sigmund/puff of flame (14)]
  6066 | D:3      | Killed Sigmund
  6067 | D:3      | Reached skill level 5 in Hexes
  6067 | D:3      | Reached XP level 5. HP: 2/25 MP: 7/12
  6067 | D:3      | Reached XP level 6. HP: 2/29 MP: 7/13
  7369 | D:4      | Noticed Menkaure
  7400 | D:4      | Killed from afar by Menkaure

Illustrated notes

Levels and vault maps discovered:
D:1:      dpeg_arrival_short_road, layout_loops_ring, minmay_tripent
D:2:      layout_basic, minmay_tetromino_o2
D:3:      layout_basic, gup_sewer_entry_spiral, uniq_sigmund
D:4:      layout_rooms, minmay_temple_entry_antechambers, uniq_menkaure,
          uniq_crazy_yiuf_cottage

Skill      XL: |  1  2  3  4  5  6 |
---------------+-------------------+-----
Dodging        | 3 4 |  4.7
Stealth        | 5 |  5.6
Spellcasting   | 3 4 |  4.3
Hexes          | 4 5 |  5.4
Short Blades   | 2 3 |  3.0
Fighting       | |  0.5
Ice Magic      | |  0.8

Action                   |  1- 3 |  4- 6 || total
-------------------------+-------+-------++-------
Melee: Dagger            |   146 |   182 ||   328
       Punch             |     2 |     4 ||     6
 Cast: Ensorcelled Hiber |    25 |    20 ||    45
       Tukima's Dance    |     9 |    30 ||    39
  Use: Potion            |       |     1 ||     1
 Stab: Sleeping          |    14 |    13 ||    27
       Distracted        |     1 |       ||     1
Armor: Robe              |    23 |    14 ||    37
Dodge: Dodged            |   101 |   110 ||   211
